AoeStats
← Malelf

Arabia

507929265Analyzed
1v1 RM · 11d ago on Sep 20, 2026· 22m 22s· 2 players
Game mode
Random Map
Map size
Tiny (2 player)
Population
200
Speed
Normal
Resources
Standard
Victory
Conquest
Starting age
Dark Age
Ending age
Imperial Age
RankedLock teamsTeams togetherTeam positionsShared explorationLock speedFull tech treeHidden civsTurbo modeCheats
Victory
Defeat
🇮🇹 Spanish · Italy
1700
+19
🇻🇳 Gurjaras · Vietnam
1767
-19
Malelf
6:37 Loom
8:54 Feudal Age
9:26 Double-Bit Axe
11:36 Horse Collar
11:48 Man-at-Arms
20:01 Castle Age
19:10 Gold Mining
20:50 Wheelbarrow
21:21 Bow Saw
Tam nsnd
8:54 Loom
11:03 Feudal Age
14:05 Double-Bit Axe
21:04 Castle Age
19:08 Horse Collar
19:39 Stone Mining
20:09 Gold Mining
22:12 Bow Saw
22:44 Heavy Plow
Connection lost

Rejoining the realm…

Still unreachable

The connection could not be restored.

Session expired

The server has moved on; the page needs a fresh start.